 Dungeon Sprint DCSS version 0.27-a0-819-g058290f16d (webtiles) character file.

Game seed: 864920573760840148

15 rocky1 the Covered (level 2, -3/39 HPs)
             Began as a Djinni Fighter on Mar 30, 2021.
             Was a Priest of Makhleb.
             Slain by a gnoll sergeant
             ... wielding a +0 spear
              (11 damage)
             ... in the Dungeon (Sprint VII: "The Pits").
             The game lasted 00:02:32 (301 turns).

rocky1 the Covered (Djinni Fighter)                  Turns: 301, Time: 00:02:32

Health: -3/39      AC:  7    Str: 15    XL:     2   Next: 50%
Gold:   0          EV:  7    Int:  9    God:    Makhleb [***...] SH:  9 Dex: 12

rFire    + + .     SeeInvis .   a - +0 long sword
rCold    x . .     Faith    .   c - +0 kite shield
rNeg     . . .     Spirit   .   b - +0 scale mail
rPois    ∞         Reflect  .   (no helmet)
rElec    .         Harm     .   (no cloak)
rCorr    .         Rampage  .   (no gloves)
Will     .....     NoTele   +   (boots unavailable)
Stlth    ..........             (no amulet)
HPRegen  0.13/turn              (no ring)
MPRegen  0.00/turn              (no ring)

@: berserking (expiring), flying, very quick
A: fire resistance 2, cold vulnerability 1, float, innate caster, hp casting,
extra vitality 1
a: Renounce Religion, Minor Destruction, Lesser Servant of Makhleb


You were in the Dungeon.
You worshipped Makhleb.
Makhleb was most pleased with you.
You visited 1 branch

Inventory:

Hand Weapons
 a - a +0 long sword (weapon)
Armour
 b - a +0 scale mail (worn)
 c - a +0 kite shield (worn)
Scrolls
 i - a scroll of blinking
 k - a scroll of summoning
Potions
 d - a potion of might
 f - a potion of heal wounds
 g - a potion of haste
 h - 2 potions of berserk rage
 j - 2 potions of invisibility


   Skills:
 + Level 3.7 Fighting
 + Level 2.3 Long Blades
 + Level 3.9 Armour
 + Level 2.0 Dodging
 + Level 3.7 Shields


You had one spell level left.
You didn't know any spells.
Your spell library was empty.

Dungeon Overview and Level Annotations

Branches:
Dungeon (1/1)

Altars:
Ashenzari
Cheibriados
Dithmenos
Elyvilon
Fedhas
Gozag
Hepliaklqana
Kikubaaqudgha
Makhleb
Nemelex Xobeh
Okawaru
Qazlal
Ru
Sif Muna
Trog
Uskayaw
Vehumet
Wu Jian
Xom
Yredelemnul
Zin
The Shining One
Beogh
Jiyva
Lugonu


Innate Abilities, Weirdness & Mutations

You are immune to poison.
Your flesh is very heat resistant. (rF++)
You are vulnerable to cold. (rC-)
You float through the air rather than walking.
You learn spells naturally, not from books.
Your magical power is your life essence.
You have superior vitality. (+4 HP)


Message History

The gnoll sergeant hits you but does no damage.
The quokka closely misses you.
The gnoll sergeant hits you from afar with a +0 spear.
You hit the quokka.
You kill the quokka!
Makhleb accepts your kill.
You can now summon a lesser servant of Makhleb.
You feel better. You block the gnoll sergeant's attack.
Your Dodging skill increases to level 2!
The gnoll hits you with a +0 whip of electrocution.
The gnoll hits you with a +0 whip of electrocution.
There is an open door here.
Items here: )) [ ††.
You feel better.
Unknown command.
A red film seems to cover your vision as you go berserk!
You feel yourself moving faster!
You feel mighty! You block the gnoll sergeant's attack.
You feel a strong urge to attack something.
You block the gnoll sergeant's attack.
You closely miss the gnoll sergeant.
The gnoll sergeant hits you with a +0 spear.
The gnoll sergeant blocks your attack.
The gnoll sergeant hits you with a +0 spear!
You barely miss the gnoll sergeant.
A frilled lizard comes into view.
The gnoll sergeant hits you with a +0 spear.
You closely miss the gnoll sergeant.
The frilled lizard hisses angrily.
You block the gnoll sergeant's attack.
You barely miss the gnoll sergeant.
The gnoll sergeant hits you with a +0 spear!
* * * LOW HITPOINT WARNING * * *
You barely miss the gnoll sergeant.
The gnoll sergeant hits you with a +0 spear.
* * * LOW HITPOINT WARNING * * *
You slash the gnoll sergeant!
The gnoll sergeant is severely wounded.
The gnoll sergeant hits you with a +0 spear!
You die...

############
#_________.#
#_________.#
#_______...###########
##########'##.........
#.?(!')))'.##......#..
##########.##.........
#....@gg....'.........
#+#####'#####......#..
#..#g.# #.........
#.gg..# ####'#####
#..#### #.......# #.†#
# #.......# #..# g#
#.......#
##g#..#+###...<...#
#........##.......#


You could see a gnoll sergeant and a gnoll.

Vanquished Creatures
  An orc (D)
  A bat (D)
  An endoplasm (D)
  A giant cockroach (D)
  A goblin (D)
  4 jackals (D)
  A quokka (D)
  A ball python skeleton (D)
11 creatures vanquished.

Notes
Turn   | Place    | Note
-------+----------+-------------------------------------------
     0 | D        | rocky1 the Djinni Fighter began the quest for the Orb.
     0 | D        | Reached XP level 1. HP: 20/20 MP: 0/0
    43 | D        | Found a bloodstained altar of Trog.
    43 | D        | Found a viscous altar of Jiyva.
    43 | D        | Found a hazy altar of Hepliaklqana.
    43 | D        | Found an opulent altar of Gozag.
    44 | D        | Found a glowing golden altar of the Shining One.
    44 | D        | Found a glowing silver altar of Zin.
    44 | D        | Found a basalt altar of Yredelemnul.
    44 | D        | Found a shimmering altar of Xom.
    44 | D        | Found an ornate altar of the Wu Jian Council.
    44 | D        | Found a sacrificial altar of Ru.
    44 | D        | Found a stormy altar of Qazlal.
    44 | D        | Found an iron altar of Okawaru.
    44 | D        | Found a sparkling altar of Nemelex Xobeh.
    44 | D        | Found a burning altar of Makhleb.
    44 | D        | Found a blossoming altar of Fedhas.
    44 | D        | Found a white marble altar of Elyvilon.
    44 | D        | Found a shadowy altar of Dithmenos.
    44 | D        | Found a snail-covered altar of Cheibriados.
    46 | D        | Found a corrupted altar of Lugonu.
    47 | D        | Found a hide-covered altar of Uskayaw.
    47 | D        | Found a broken altar of Ashenzari.
    55 | D        | Became a worshipper of Makhleb the Destroyer
    75 | D        | Reached skill level 1 in Dodging
   172 | D        | Reached * piety under Makhleb
   178 | D        | Reached XP level 2. HP: 21/25 MP: 0/0
   178 | D        | Reached ** piety under Makhleb
   271 | D        | Noticed a gnoll sergeant
   285 | D        | Reached *** piety under Makhleb
   301 | D        | Slain by a gnoll sergeant

Illustrated notes

Levels and vault maps discovered:
D:        pitsprint [storerooms_1, entrance_room_1, metal_vault_6, armoury_1,
          mini_pit_1, grid_room_1, main_hall_1, silver_pit, the_coven_3,
          the_vestibule_1, steel_vault_2, golden_pit, hallway_of_sentries,
          crystal_vault_6, iron_vault_2, final_vault]

Skill      XL: |  1  2 |
---------------+-------+-----
Dodging        | 1 2 |  2.0
Long Blades    | 2 |  2.3
Fighting       | |  3.7
Armour         | |  3.9
Shields        | |  3.7

Action                   || total
-------------------------++-------
Melee: Long sword        ||    40
  Use: Potion            ||     2
Armor: Scale mail        ||    27
Dodge: Dodged            ||    13
Block: Kite shield       ||    23
       Rpst.: Long sword ||     3

Table legend: (Time is in decaauts)
 A = Elapsed time spent in this place.
 B = Non-inter-level travel time spent in this place.
 C = Inter-level travel time spent in this place.
 D = Time resting spent in this place.
 E = Time spent auto-exploring this place.
 F = Levels seen in this place.
 G = Mean time per level.
                   A        B        C        D        E       F      G
               +--------+--------+--------+--------+--------+-----+--------+
         Total |    318 |    318 |      0 |    151 |      0 |   1 |  318.0 |
       Dungeon |    318 |    318 |      0 |    151 |      0 |   1 |  318.0 |
               +--------+--------+--------+--------+--------+-----+--------+

Top non-repeatable levels by time:
       D: 318 daAuts
